 Dungeon Crawl Stone Soup version 0.27-a0-1502-g47ed6a6988 (webtiles) character file.

Game seed: 14693759212607355589

147 lunkers the Insei (level 5, -5/38 HPs)
             Began as a Djinni Warper on July 8, 2021.
             Killed from afar by Natasha (8 damage)
             ... with a magic dart
             ... on level 2 of the Dungeon.
             The game lasted 00:03:33 (3823 turns).

lunkers the Insei (Djinni Warper)                   Turns: 3823, Time: 00:03:34

Health: -5/38      AC:  3    Str: 11    XL:     5   Next: 55%
Gold:   40         EV: 11    Int: 15    God:
                   SH:  0    Dex: 12

rFire    + + .     SeeInvis .     - Unarmed
rCold    x . .     Faith    .   (no shield)
rNeg     . . .     Spirit   .   a - +0 leather armour
rPois    ∞         Reflect  .   (no helmet)
rElec    .         Harm     .   (no cloak)
rCorr    .         Rampage  .   (no gloves)
Will     .....                  (boots unavailable)
Stlth    +.........             (no amulet)
HPRegen  0.12/turn              (no ring)
MPRegen  0.00/turn              (no ring)

@: flying
A: sickness immunity, fire resistance 2, cold vulnerability 1, float, innate
caster, hp casting, extra vitality 1
a: no special abilities


You were on level 2 of the Dungeon.
You visited 1 branch of the dungeon, and saw 2 of its levels.

You collected 40 gold pieces.

Inventory:

Missiles
 c - 5 boomerangs of dispersal
 f - 3 boomerangs
 h - 42 stones (quivered)
Armour
 a - a +0 leather armour (worn)
Jewellery
 g - a ring of wizardry
 m - a ring of resist corrosion
Wands
 i - a wand of digging (7)
Scrolls
 b - a scroll of blinking
 d - a scroll of magic mapping {unknown}
 j - a scroll of brand weapon {unknown}
 k - a scroll of identify {unknown}
 n - a scroll of amnesia {unknown}
Potions
 e - a potion of invisibility {unknown}
 l - a potion of haste {unknown}


   Skills:
 - Level 2.0 Fighting
 - Level 0.7 Throwing
 - Level 1.0 Armour
 - Level 2.1 Dodging
 * Level 5.1 Unarmed Combat
 + Level 2.6 Spellcasting


You couldn't memorise any spells.
You knew the following spells:

 Your Spells              Type           Power      Damage    Failure   Level
b - Static Discharge      Conj/Air       10%        N/A       14%         2
c - Gell's Gravitas       Tloc           5%         N/A       26%         3
d - Teleport Other        Tloc           10%        N/A       26%         3
e - Manifold Assault      Tloc           10%        N/A       94%         5
p - Blink                 Tloc           N/A        N/A       14%         2
q - Apportation           Tloc           20%        N/A       9%          1
w - Lesser Beckoning      Tloc           5%         N/A       26%         3
Your spell library was empty.

Dungeon Overview and Level Annotations

Branches:
Dungeon (2/15)

Altars:

Annotations:
D:2 Natasha


Innate Abilities, Weirdness & Mutations

You are immune to sickness and miasma.
You are immune to poison.
Your flesh is very heat resistant. (rF++)
You are vulnerable to cold. (rC-)
You float through the air rather than walking.
You learn spells naturally, not from books.
Your magical power is your life essence.
You have superior vitality. (+4 HP)


Message History

Natasha claws you.
* * * LOW HITPOINT WARNING * * *
The white imp closely misses you. The shadow imp hits you.
* * * LOW HITPOINT WARNING * * *
The shadow imp barely misses you.
Casting: Static Discharge (safe; 14% risk of failure)
Confirm with . or Enter, or press ? or * to list all spells.
Natasha is struck by an arc of lightning.
Natasha is heavily wounded.
The lightning grounds out.
The white imp is struck by an arc of lightning!
The white imp is severely wounded.
The shadow imp is struck by an arc of lightning.
You kill the shadow imp!
The lightning grounds out.
The shadow imp is struck by an arc of lightning!
You kill the shadow imp!
The lightning grounds out.
* * * LOW HITPOINT WARNING * * *
Natasha claws you.
* * * LOW HITPOINT WARNING * * *
The white imp closely misses you.
Unknown command.
Unknown command.
Casting: Static Discharge (safe; 14% risk of failure)
Confirm with . or Enter, or press ? or * to list all spells.
Natasha is struck by an arc of lightning.
Natasha is severely wounded.
You are struck by an arc of lightning.
* * * LOW HITPOINT WARNING * * *
The lightning grounds out.
The white imp is struck by an arc of lightning!
You kill the white imp!
Natasha is struck by an arc of lightning.
Natasha is almost dead.
The lightning grounds out.
* * * LOW HITPOINT WARNING * * *
Natasha casts a spell at you. The magic dart hits you!
You die...

###.............# ####......
###.............# #######.#....
..........(.....# #....##.#....
................# #.##.##.#.###
............(.(.# #............
+##.............#####.........#..
+######.####(......##.........#..
...............h...##............
................@..###...........
........^..........##.......#.##.
...................##.#..#.#.....
....##..####.................)...
....##..####..............###....
....##.........##....>...........
....###.######.##.......#.####...
....# #.# #.##......##....'...
....###.# #.##......#######...


You could see Natasha.

Vanquished Creatures
  Natasha (twice) (D:2)
  3 adders (D:2)
  2 worms (D:2)
  4 dart slugs
  2 endoplasms
  3 giant cockroaches (D:1)
  3 goblins
  6 hobgoblins
  11 jackals
  3 quokkas
  4 ball pythons
  2 bats (D:2)
  6 frilled lizards
  A kobold (D:2)
  5 rats
57 creatures vanquished.

Notes
Turn   | Place    | Note
-------+----------+-------------------------------------------
     0 | D:1      | lunkers the Djinni Warper began the quest for the Orb.
     0 | D:1      | Reached XP level 1. HP: 18/18 MP: 0/0
   429 | D:1      | Reached XP level 2. HP: 23/23 MP: 0/0
  1241 | D:1      | Reached XP level 3. HP: 28/28 MP: 0/0
  1241 | D:1      | Learned a level 1 spell: Apportation
  1326 | D:1      | Found a faded altar of an unknown god.
  1329 | D:1      | Reached skill level 3 in Unarmed Combat
  2197 | D:2      | Reached XP level 4. HP: 32/33 MP: 0/0
  2206 | D:2      | Reached skill level 4 in Unarmed Combat
  2919 | D:2      | Noticed Natasha
  2927 | D:2      | Killed Natasha
  2928 | D:2      | Reached XP level 5. HP: 32/38 MP: 0/0
  2928 | D:2      | Learned a level 2 spell: Static Discharge
  3179 | D:2      | Noticed Natasha
  3187 | D:2      | Killed Natasha
  3188 | D:2      | Reached skill level 5 in Unarmed Combat
  3810 | D:2      | Noticed Natasha
  3823 | D:2      | Killed from afar by Natasha

Illustrated notes

Levels and vault maps discovered:
D:1:      dpeg_arrival_rooms_b, layout_loops_ring,
          dreamdust_ecumenical_altar_statues, minmay_bisected
D:2:      layout_basic, uniq_natasha

Skill      XL: |  1  2  3  4  5 |
---------------+----------------+-----
Unarmed Combat | 3 4 5 |  5.1
Fighting       | |  2.0
Throwing       | |  0.7
Armour         | |  1.0
Dodging        | |  2.1
Spellcasting   | |  2.6

Action                   |  1- 3 |  4- 6 || total
-------------------------+-------+-------++-------
Melee: Unarmed           |   177 |    72 ||   249
Throw: Boomerang         |    20 |     4 ||    24
       Stone             |     7 |    33 ||    40
 Cast: Static Discharge  |       |    16 ||    16
  Use: Scroll            |       |     1 ||     1
Armor: Leather armour    |    39 |    15 ||    54
Dodge: Dodged            |    91 |    58 ||   149

Table legend: (Time is in decaauts)
 A = Elapsed time spent in this place.
 B = Non-inter-level travel time spent in this place.
 C = Inter-level travel time spent in this place.
 D = Time resting spent in this place.
 E = Time spent auto-exploring this place.
 F = Levels seen in this place.
 G = Mean time per level.
                   A        B        C        D        E       F      G
               +--------+--------+--------+--------+--------+-----+--------+
         Total |   3818 |   3709 |    109 |   1066 |   2128 |   2 | 1909.0 |
       Dungeon |   3818 |   3709 |    109 |   1066 |   2128 |   2 | 1909.0 |
               +--------+--------+--------+--------+--------+-----+--------+

Top non-repeatable levels by time:
     D:2: 1975 daAuts
     D:1: 1842 daAuts
